 Dungeon Crawl Stone Soup version 0.31-a0-175-g9f7f995f2b (webtiles) character file.

Game seed: 1542820918824442639

228 qw the Shooter (level 6, 0/56 HPs)
             Began as a Naga Hunter on June 16, 2023.
             Slain by an orc
             ... wielding a +0 hand axe
              (5 damage)
             ... on level 3 of the Dungeon.
             The game lasted 00:00:57 (2231 turns).

qw the Shooter (Naga Hunter)                        Turns: 2231, Time: 00:00:58

Health: 0/56       AC:  4    Str: 13    XL:     6   Next: 2%
Magic:  6/6        EV:  9    Int: 10    God:
Gold:   102        SH:  0    Dex: 16    Spells: 5/5 levels left

rFire   . . .        Y - +1 shortbow
rCold   . . .        (shield currently unavailable)
rNeg    . . .        c - +0 leather armour
rPois   +            (no helmet)
rElec   .            (no cloak)
rCorr   .            d - +0 pair of gloves
SInv    +            (no barding)
Will    .....        (no amulet)
Stlth   ++           (no ring)
HPRegen 0.29/turn    (no ring)
MPRegen 0.10/turn

%: no passive effects
@: short of breath, very slow
A: AC +2, large, see invisible, deformed body, poison resistance, slowness 2,
spit poison 1, naga tail 1
a: Spit Poison


You were on level 3 of the Dungeon.
You visited 1 branch of the dungeon, and saw 3 of its levels.

You collected 102 gold pieces.


Innate Abilities, Weirdness & Mutations

Your serpentine skin is tough. (AC +2)
You have supernaturally acute eyesight. (SInv)
Armour fits poorly on your strangely shaped body.
Your system is resistant to poisons. (rPois)
You cover ground very slowly.
You can spit poison.
You have a snake-like lower body.


   Skills:
 - Level 3.4 Fighting
 + Level 5.8 Ranged Weapons
 - Level 1.5 Dodging
 - Level 1.5 Stealth


You had 5 spell levels left.
You didn't know any spells.
Your spell library was empty.

Inventory:

Hand Weapons
 Y - a +1 shortbow (weapon)
Armour
 c - a +0 leather armour (worn)
 d - a +0 pair of gloves (worn)
 h - the +4 ring mail of the Jocular God {rN+}
   (You took it off a hobgoblin on level 3 of the Dungeon)

   rN:        It protects you from negative energy.
 j - the +0 helmet "Xafaxe Etemn" {rPois}
   (You took it off Robin on level 3 of the Dungeon)

   rPois:     It protects you from poison.
Jewellery
 b - an amulet of the acrobat
Scrolls
 f - 5 scrolls of identify
 g - a scroll of revelation {unknown}
Potions
 e - a potion of haste
 i - a potion of cancellation {unknown}
 k - a potion of enlightenment {unknown}

Dungeon Overview and Level Annotations

Branches:
Dungeon (3/15)

Altars:

Shops:
D:3 (


Message History

The orc wizard hits you but does no damage.
You shoot an arrow. The arrow hits the orc wizard!
The orc wizard is severely wounded.
The orc closely misses you.
The orc wizard hits you but does no damage.
The orc wizard hits you with a +0 dagger.
The orc hits you with a +0 hand axe.
You shoot an arrow.
The arrow closely misses the orc wizard.
The orc wizard hits you but does no damage.
The orc hits you with a +0 hand axe.
You shoot an arrow. The arrow hits the orc wizard.
The orc wizard is severely wounded.
The orc hits you with a +0 hand axe.
The orc wizard hits you but does no damage.
You shoot an arrow. The arrow barely misses the orc wizard.
You have got your breath back.
The orc hits you but does no damage. The orc wizard barely misses you.
2228 ||| INVOKING Spit Poison.
Aiming: Spit Poison (1% risk of failure)
Press: ? - help, Shift-Dir - straight line, f/p - orc wizard The splash of poison hits the orc wizard.
The orc wizard is poisoned.
The orc wizard is almost dead.
The orc wizard points at you and mumbles some strange words.
You resist with some effort. The orc completely misses you.
You shoot an arrow.
The arrow closely misses the orc wizard.
The orc hits you with a +0 hand axe.
The orc wizard points at you and mumbles some strange words.
The magic dart hits you!
You shoot an arrow.
The arrow hits the orc wizard but does no damage.
The orc wizard is almost dead.
You kill the orc wizard!
The orc hits you with a +0 hand axe. The orc closely misses you.
You have reached level 6!
Your skin feels tougher.
You shoot an arrow. The arrow barely misses the orc.
The orc hits you with a +0 hand axe.
You die...

...... #.# # #.# #
#.# # #.# .# #.#
####.# ##.###.#
##...# #....o.#
##.#.# #)o#
##...##########)@#
#)....#..........#
.......######...[#
...\...# #.####
.......# #.#
#.....## #.#
##...## #.#
........ #.#
#######.# #.#


You could see an orc.

Vanquished Creatures
  An orc priest (D:3)
  3 orc wizards (D:3)
  Robin (D:3)
  3 gnolls (D:3)
  2 dart slugs
  4 orcs (D:3)
  3 ball pythons
  7 bats
  5 endoplasms
  A giant cockroach (D:3)
  12 goblins
  8 hobgoblins
  6 jackals (D:3)
  3 kobolds
  2 quokkas (D:1)
  6 frilled lizards
  11 rats
78 creatures vanquished.

Notes
Turn   | Place    | Note
-------+----------+-------------------------------------------
     0 | D:1      | qw the Naga Hunter began the quest for the Orb.
     0 | D:1      | Reached XP level 1. HP: 19/19 MP: 1/1
     0 | D:1      | 0 ||| qw: Version: 0.2-a-29-g511e9b1
     0 | D:1      | 0 ||| qw: Game counter: 5732
     0 | D:1      | 0 ||| qw: Always use a shield: true
     0 | D:1      | 0 ||| qw: God list: Okawaru
     0 | D:1      | 0 ||| qw: Allow faded altars: false
     0 | D:1      | 0 ||| qw: Do Orc after D:15 true
     0 | D:1      | 0 ||| qw: Do second Lair branch before Depths: true
     0 | D:1      | 0 ||| qw: Lair rune preference: random
     0 | D:1      | 0 ||| qw: Plans: Normal
     0 | D:1      | 0 ||| PLANNING D:1-11
     5 | D:1      | 5 ||| INVOKING Spit Poison.
    42 | D:1      | 42 ||| DROPPING scroll of butterflies.
    44 | D:1      | 44 ||| INVOKING Spit Poison.
    47 | D:1      | 47 ||| INVOKING Spit Poison.
    81 | D:1      | 81 ||| DRINKING 2 bubbling white potions.
    82 | D:1      | 82 ||| DRINKING 2 fizzy clear potions.
    83 | D:1      | 83 ||| DROPPING potion of degeneration.
    84 | D:1      | 84 ||| DROPPING potion of magic.
    93 | D:2      | 93 ||| INVOKING Spit Poison.
    97 | D:2      | Reached skill level 4 in Ranged Weapons
    97 | D:2      | Reached XP level 2. HP: 26/26 MP: 2/2
   110 | D:2      | 110 ||| INVOKING Spit Poison.
   133 | D:2      | 133 ||| INVOKING Spit Poison.
   312 | D:2      | 312 ||| UPGRADING to +0 pair of gloves.
   317 | D:2      | 317 ||| READING scroll labelled ZOENKA WOCZIRO.
   324 | D:2      | 324 ||| STAIRDANCE
   352 | D:2      | 352 ||| INVOKING Spit Poison.
   358 | D:2      | 358 ||| INVOKING Spit Poison.
   397 | D:2      | 397 ||| STAIRDANCE
   399 | D:1      | 399 ||| INVOKING Spit Poison.
   418 | D:1      | 418 ||| INVOKING Spit Poison.
   423 | D:1      | 423 ||| INVOKING Spit Poison.
   428 | D:1      | 428 ||| INVOKING Spit Poison.
   449 | D:1      | Reached XP level 3. HP: 32/32 MP: 3/3
   525 | D:1      | 525 ||| INVOKING Spit Poison.
   554 | D:1      | 554 ||| INVOKING Spit Poison.
   559 | D:1      | 559 ||| INVOKING Spit Poison.
   608 | D:1      | 608 ||| INVOKING Spit Poison.
   632 | D:1      | 632 ||| INVOKING Spit Poison.
   636 | D:1      | 636 ||| INVOKING Spit Poison.
   652 | D:1      | 652 ||| INVOKING Spit Poison.
   952 | D:1      | 952 ||| INVOKING Spit Poison.
  1077 | D:1      | 1077 ||| READING scroll labelled VEAD YMEGUOCW.
  1078 | D:1      | 1078 ||| DRINKING 2 metallic emerald potions.
  1079 | D:1      | 1079 ||| DRINKING 2 amethyst potions.
  1221 | D:2      | 1221 ||| INVOKING Spit Poison.
  1226 | D:2      | 1226 ||| INVOKING Spit Poison.
  1399 | D:2      | 1399 ||| INVOKING Spit Poison.
  1404 | D:2      | 1404 ||| READING scroll labelled VIPTUI XUEHA.
  1471 | D:3      | 1471 ||| INVOKING Spit Poison.
  1477 | D:3      | 1477 ||| INVOKING Spit Poison.
  1480 | D:3      | 1480 ||| INVOKING Spit Poison.
  1485 | D:3      | 1485 ||| INVOKING Spit Poison.
  1489 | D:3      | 1489 ||| INVOKING Spit Poison.
  1559 | D:3      | 1559 ||| INVOKING Spit Poison.
  1560 | D:3      | Reached skill level 5 in Ranged Weapons
  1585 | D:3      | Found Oghas's Weapon Shop.
  1590 | D:3      | 1590 ||| INVOKING Spit Poison.
  1592 | D:3      | Reached XP level 4. HP: 39/39 MP: 4/4
  1593 | D:3      | 1593 ||| INVOKING Spit Poison.
  1603 | D:3      | Identified the +0 helmet "Xafaxe Etemn" {rPois}
  1603 | D:3      | Noticed Robin
  1604 | D:3      | 1604 ||| READING scroll labelled RAOW EHELLOCEN.
  1614 | D:3      | 1614 ||| INVOKING Spit Poison.
  1634 | D:3      | 1634 ||| INVOKING Spit Poison.
  1639 | D:3      | 1639 ||| INVOKING Spit Poison.
  1718 | D:3      | 1718 ||| INVOKING Spit Poison.
  1724 | D:3      | 1724 ||| INVOKING Spit Poison.
  1727 | D:3      | 1727 ||| INVOKING Spit Poison.
  1731 | D:3      | 1731 ||| INVOKING Spit Poison.
  1748 | D:3      | Identified the +4 ring mail of the Jocular God {rN+}
  1749 | D:3      | 1749 ||| INVOKING Spit Poison.
  1756 | D:3      | 1756 ||| INVOKING Spit Poison.
  1759 | D:3      | 1759 ||| INVOKING Spit Poison.
  1761 | D:3      | Reached skill level 3 in Fighting
  1761 | D:3      | Reached XP level 5. HP: 29/49 MP: 5/5
  1762 | D:3      | 1762 ||| INVOKING Spit Poison.
  1834 | D:3      | 1834 ||| INVOKING Spit Poison.
  1840 | D:3      | 1840 ||| INVOKING Spit Poison.
  1942 | D:3      | 1942 ||| INVOKING Spit Poison.
  1946 | D:3      | 1946 ||| INVOKING Spit Poison.
  1962 | D:3      | 1962 ||| INVOKING Spit Poison.
  1976 | D:3      | 1976 ||| INVOKING Spit Poison.
  1988 | D:3      | 1988 ||| INVOKING Spit Poison.
  1991 | D:3      | 1991 ||| INVOKING Spit Poison.
  2060 | D:3      | 2060 ||| INVOKING Spit Poison.
  2065 | D:3      | 2065 ||| INVOKING Spit Poison.
  2069 | D:3      | 2069 ||| INVOKING Spit Poison.
  2075 | D:3      | 2075 ||| INVOKING Spit Poison.
  2080 | D:3      | Killed Robin
  2175 | D:3      | 2175 ||| INVOKING Spit Poison.
  2208 | D:3      | 2208 ||| Stepping ~*~*~tactically~*~*~ (outnumbered).
  2210 | D:3      | 2210 ||| Stepping ~*~*~tactically~*~*~ (outnumbered).
  2211 | D:3      | 2211 ||| INVOKING Spit Poison.
  2213 | D:3      | 2213 ||| DRINKING 2 potions of curing.
  2213 | D:3      | 2213 ||| (to cure confusion)
  2215 | D:3      | 2215 ||| DRINKING potion of curing.
  2215 | D:3      | 2215 ||| (to cure confusion)
  2216 | D:3      | 2216 ||| INVOKING Spit Poison.
  2222 | D:3      | 2222 ||| INVOKING Spit Poison.
  2228 | D:3      | 2228 ||| INVOKING Spit Poison.
  2229 | D:3      | HP: 12/49 [orc/+0 hand axe (4)]
  2229 | D:3      | HP: 5/49 [orc wizard/magic dart (7)]
  2231 | D:3      | Reached XP level 6. HP: 5/56 MP: 6/6
  2231 | D:3      | Slain by an orc

Levels and vault maps discovered:
D:1:      onia_arrival_mini_maze_b, layout_loops_cross, serial_aquarium,
          aquarium_bridge_square [aquarium_subvault_window,
          aquarium_subvault_bridge, aquarium_subvault_bridge,
          aquarium_subvault_window], aquarium_bridge_long_separate
          [aquarium_subvault_window, aquarium_subvault_wall,
          aquarium_subvault_bridge, aquarium_subvault_bridge,
          aquarium_subvault_bridge, aquarium_subvault_wall], aquarium_window_1,
          aquarium_window_corridor_2, aquarium_window_corner, aquarium_view_2c,
          aquarium_view_2e, aquarium_pool_S, serial_bayou_lake_a
D:2:      layout_rooms, kennysheep_cross_room
D:3:      layout_loops_ring, nicolae_overflow_hallway_of_the_gods, serial_shops,
          nicolae_shop_bloodbath_and_beyond, ebering_dispersal_statue_hall,
          uniq_robin

Skill      XL: |  1  2  3  4 |
---------------+-------------+-----
Ranged Weapons | 4 5 |  5.8
Fighting       | 3 |  3.4
Dodging        | |  1.5
Stealth        | |  1.5

Action                     |  1- 3 |  4- 6 || total
---------------------------+-------+-------++-------
   Fire: Shortbow          |    84 |    75 ||   159
Ability: Spit Poison       |    30 |    29 ||    59
    Use: Potion            |     4 |     2 ||     6
         Scroll            |     3 |     1 ||     4
 Armour: Leather armour    |    20 |    18 ||    38
  Dodge: Dodged            |    33 |    23 ||    56

Table legend:
 A = Non-vault XP
 B = Vault XP
 C = Vault XP percentage of total XP
 D = Non-vault monster count
 E = Vault monster count
 F = Vault count percentage of total count
                 A         B        C        D         E       F
            +---------+---------+-------+---------+---------+-------
      Total |     299 |      28 |   8.6 |      70 |       8 |  10.3
            +---------+---------+-------+---------+---------+-------
        D:1 |      45 |       2 |   4.3 |      25 |       1 |   3.8
        D:2 |      23 |       0 |   0.0 |      15 |       0 |   0.0
        D:3 |     231 |      26 |  10.1 |      30 |       7 |  18.9
            +---------+---------+-------+---------+---------+-------
